 Dungeon Crawl Stone Soup version 0.19.5 (webtiles) character file.

85 Gargoyl the Skirmisher (level 4, -2/40 HPs)
             Began as a Ghoul Abyssal Knight on Mar 16, 2017.
             Was a Believer of Lugonu.
             Slain by Crazy Yiuf
             ... wielding a +2 quarterstaff of chaos
              (4 damage)
             ... on level 2 of the Dungeon.
             The game lasted 00:03:24 (1327 turns).

Gargoyl the Skirmisher (Ghoul Abyssal Knight)       Turns: 1327, Time: 00:03:26

Health: -2/40      AC:  8    Str: 15    XL:     4   Next: 48%
Magic:  5/5        EV:  6    Int: 12    God:    Lugonu [**....]
Gold:   184        SH:  0    Dex:  9    Spells: 0 memorised, 3 levels left

rFire  . . .     SeeInvis .     a - +1 hand axe
rCold  + . .     Gourm    .     d - +0 chain mail {rPois}
rNeg   + + +     Faith    .     (no shield)
rPois  ∞         Spirit   .     (no helmet)
rElec  .         Reflect  .     (no cloak)
rCorr  .         Harm     .     (no gloves)
MR     .....                    (no boots)
Stlth  ..........               (no amulet)
                                (no ring)
                                h - +5 ring of intelligence

@: rotting
A: rotting body, claws 1, carnivore 3, cold resistance 1, negative energy
resistance 3, slow regeneration 1, torment resistance, unbreathing
a: Depart the Abyss, Bend Space, Renounce Religion


You were on level 2 of the Dungeon.
You worshipped Lugonu.
Lugonu was pleased with you.
You were not hungry.

You visited 1 branch of the dungeon, and saw 2 of its levels.
You visited the Abyss 1 time.

You collected 184 gold pieces.

Inventory:

Hand Weapons
 a - a +1 hand axe (weapon)
Armour
 d - a +0 chain mail of poison resistance (worn)
Jewellery
 h - a +5 ring of intelligence (left claw)
Scrolls
 j - 2 scrolls of teleportation
 n - 2 scrolls of magic mapping
Potions
 b - 2 potions of curing {unknown}
 e - a potion of brilliance {unknown}
 g - a potion of berserk rage {unknown}
 i - a potion of lignification {unknown}
Comestibles
 c - 3 meat rations
 f - 4 chunks of flesh
 l - a beef jerky


   Skills:
 + Level 3.7 Fighting
 + Level 2.5 Axes
 * Level 2.6 Armour
 + Level 1.0 Dodging
 * Level 2.9 Invocations


You had 3 spell levels left.
You didn't know any spells.

Dungeon Overview and Level Annotations

Branches:
Dungeon (2/15)

Altars:

Annotations:
D:2 Crazy Yiuf


Innate Abilities, Weirdness & Mutations

Your body is rotting away.
You thrive on raw meat.
You are immune to poison.
You have sharp fingernails.
You are carnivorous and can eat meat at any time.
Your flesh is cold resistant. (rC+)
You are immune to negative energy. (rN+++)
You regenerate slowly when monsters are visible.
You are immune to unholy pain and torment.
You can survive without breathing.


Message History

You see here a goblin skeleton.
Found a runed door.
You open the door.
Crazy Yiuf the Enlightened comes into view.
He is wielding a quarterstaff of chaos.
Crazy Yiuf shouts!
Found a runed mace.
There is an open door here.
Your chain mail prevents you from hitting Crazy Yiuf.
Crazy Yiuf hits you but does no damage.
Your chain mail prevents you from hitting Crazy Yiuf.
Crazy Yiuf hits you with a quarterstaff of chaos.
You are electrocuted!
You hit Crazy Yiuf.
Crazy Yiuf is moderately wounded.
Crazy Yiuf hits you with a quarterstaff of chaos.
You convulse.
Crazy Yiuf hits you with a quarterstaff of chaos!
* * * LOW HITPOINT WARNING * * *
Space bends around you.
You die...

.....................#.#
.................##..#.#
........................
#......##################
#......# .......#
#..#.###### ####
.......#.P## ###..)#
.###.....P.####.@g..#
.........P..#..##...#
.......#...#.### ####
.##....####### .##....#
.##....####### ###
.##..........# #.#
.##.......#..####.#
.#........#.....#.##


You could see Crazy Yiuf.

Vanquished Creatures
  Jessica (D:2)
  2 oozes (D:2)
  A worm (D:1)
  A dart slug (D:2)
  A leopard gecko (D:1)
  2 bats
  3 giant cockroaches
  6 goblins
  2 hobgoblins (D:1)
  5 jackals
  8 kobolds
  3 frilled lizards (D:1)
  9 rats
44 creatures vanquished.

Notes
Turn   | Place    | Note
-------+----------+-------------------------------------------
     0 | Abyss:1  | Gargoyl the Ghoul Abyssal Knight began the quest for the Orb.
     0 | Abyss:1  | Reached XP level 1. HP: 19/19 MP: 1/1
     6 | Abyss:1  | Found a corrupted altar of Lugonu.
    42 | Abyss:1  | Noticed an ancient zyme
    44 | Abyss:1  | Noticed an orange demon
    67 | Abyss:2  | Noticed a revenant
    68 | Abyss:2  | Noticed a spectral storm dragon
    68 | Abyss:2  | Noticed a spectral stone giant
    68 | D:1      | Escaped the Abyss
   297 | D:1      | Reached * piety under Lugonu
   300 | D:1      | Reached XP level 2. HP: 25/26 MP: 2/2
   403 | D:1      | Reached skill level 1 in Dodging
   510 | D:1      | Reached XP level 3. HP: 26/31 MP: 3/3
   714 | D:2      | Noticed Jessica
   773 | D:2      | Killed Jessica
   773 | D:2      | Reached XP level 4. HP: 39/40 MP: 5/5
  1063 | D:2      | Reached ** piety under Lugonu
  1319 | D:2      | Found a runed door.
  1323 | D:2      | Noticed Crazy Yiuf
  1327 | D:2      | HP: 2/40 [Crazy Yiuf/quarterstaff of chaos (11)]
  1327 | D:2      | Slain by Crazy Yiuf

Skill      XL: |  1  2 |
---------------+-------+-----
Dodging        | 1 |  1.0
Armour         | 2 |  2.6
Axes           | 2 |  2.5
Fighting       | |  3.7
Invocations    | |  2.9

Action                   |  1- 3 |  4- 6 || total
-------------------------+-------+-------++-------
Melee: Hand axe          |    79 |    53 ||   132
Invok: Depart the Abyss  |     1 |       ||     1
  Use: Scroll            |     4 |     3 ||     7
  Eat: Chunk             |    12 |     5 ||    17
Armor: Chain mail        |    71 |    32 ||   103
Dodge: Dodged            |    39 |    15 ||    54
